 Dungeon Crawl Stone Soup version 0.17.0-24-gcfadda4 (webtiles) character file.

1759 M4edhros the Covert (level 9, -7/53 HPs)
             Began as an Octopode Artificer on Nov 17, 2015.
             Was a Follower of Okawaru (penitent).
             Mangled by a merfolk
             ... wielding a cursed -3 glaive
             ... created by the fury of Okawaru
              (14 damage)
             ... in an ossuary.
             The game lasted 00:13:19 (7293 turns).

M4edhros the Covert (Octopode Artificer)            Turns: 7293, Time: 00:13:19

Health: -7/53      AC:  1    Str: 11    XL:     9   Next: 6%
Magic:  15/15      EV: 13    Int: 12    God:    Okawaru [*]
Gold:   177        SH:  0    Dex: 17    Spells: 0 memorised, 8 levels left

rFire  . . .     SeeInvis .     n - +2 halberd (venom)
rCold  . . .     Clarity  .     (shield currently unavailable)
rNeg   + . .     SustAt   +     (helmet restricted)
rPois  .         Gourm    .     (no amulet)
rElec  .         Spirit   .     f - ring of sustain attributes
rCorr  .         Warding  .     D - ring of positive energy
rMut   .         Stasis   .     J - ring of flight
MR     .....                    (no ring)
Stlth  ++++++....               (no ring)
                                (no ring)
                                (no ring)
                                (no ring)

@: about to teleport, not resistant to hostile enchantments, very stealthy
A: almost no armour, amphibious, 8 rings, constrict 8, tentacle spike 1,
camouflage 1, agile 1, dopey 1, sense surroundings 1, screaming 1, gelatinous
body 1
a: Renounce Religion, Evoke Flight


You were in an ossuary.
You worshipped Okawaru.
Okawaru was demanding penance.
You were not hungry.

You visited 2 branches of the dungeon, and saw 7 of its levels.
You also visited: Sewer and Ossuary.

You collected 177 gold pieces.

Inventory:

Hand Weapons
 a - a +0 short sword
 n - a +2 halberd of venom (weapon)
 r - a +1 hunting sling
 B - a +0 blowgun
 H - a +0 whip of venom
Missiles
 i - 53 sling bullets
 k - 179 stones (quivered)
 C - 30 poisoned needles
 K - 3 curare-tipped needles
Magical Staves
 x - an uncursed staff of earth
Jewellery
 f - a ring of sustain attributes (left tentacle)
 A - an uncursed amulet of resist mutation
 D - a ring of positive energy (right tentacle)
 J - a ring of flight (on tentacle)
 L - an uncursed ring of ice {unknown}
Wands
 b - a wand of flame (6)
 c - a wand of enslavement (4)
 d - a wand of random effects (12)
 s - a wand of cold (3)
 E - a wand of confusion (23)
 G - a wand of slowing (20)
Scrolls
 g - 5 scrolls of random uselessness
 h - 9 scrolls of identify
 l - a scroll of fog {unknown}
 p - 2 scrolls of enchant weapon
 v - a scroll of amnesia {unknown}
 y - a scroll of recharging {unknown}
 F - 2 scrolls of remove curse {unknown}
Comestibles
 e - 4 bread rations
 j - 4 fruits
 u - 3 slices of pizza


   Skills:
 - Level 1.0 Fighting
 - Level 1.0 Short Blades
 + Level 6.2 Slings
 - Level 2.0 Dodging
 + Level 9.1 Stealth
 + Level 8.3 Evocations


You had 8 spell levels left.
You didn't know any spells.

Dungeon Overview and Level Annotations

Branches:
Dungeon (6/15)             Temple (1/1) D:5

Altars:
Ashenzari
Cheibriados
Dithmenos
Elyvilon
Fedhas
Kikubaaqudgha
Makhleb
Nemelex Xobeh
Okawaru
Qazlal
Sif Muna
Trog
Vehumet
Xom
Yredelemnul
Zin
The Shining One

Shops:
D:6 =:[


Innate Abilities, Weirdness & Mutations

You cannot wear most types of armour.
You are amphibious.
You can wear up to eight rings at the same time.
You can use your tentacles to constrict eight enemies at once.
Your skin changes colour to match your surroundings (Stealth).
Your rubbery body absorbs attacks (AC +1).
One of your tentacles bears a spike.
You are agile. (Dex +2)
You are dopey. (Int -2)
You passively map a small area around you.
You occasionally shout uncontrollably at your foes.


Message History

The merfolk closely misses you. The merfolk misses you.
The merfolk impaler hits you with a trident!
* * * LOW HITPOINT WARNING * * *
Read which item? (? for menu, Esc to quit)
As you read the scroll labeled LAOTIGOGI, it crumbles to dust.
It is a scroll of enchant weapon.
Enchant which weapon? (? for menu, Esc to quit)
Your +0 hunting sling glows red for a moment.
The merfolk impaler hits you with a trident.
* * * LOW HITPOINT WARNING * * *
The deep elf mage barely misses you.
The deep elf knight gestures wildly while chanting.
The deep elf knight seems to move somewhat quicker.
You aren't carrying any potions.
Read which item? (? for menu, Esc to quit)
As you read the scroll labeled ENWUTU TOSI, it crumbles to dust.
You feel strangely unstable.
It was a scroll of teleportation.
The merfolk misses you.
The merfolk hits you from afar with a glaive!
You die... #................ #................ #.......W8..8.... #......Z..Z...... #...######..##### #...# *..# , #me.# *, ..# , #mee#

..# #.@e#, ,,...,
, #.m.# , , Z.## ,
#.m.# , ..# ,*
#...# , , #...#, ,
* * #...# , ,
#...# , * , #...#
,
#...##############


You could see a merfolk impaler, 3 merfolk, 2 deep elf knights, a deep elf
summoner and a deep elf mage.

Vanquished Creatures
  The ghost of M4edhros the Covert, a novice OpAr (Ossuary)
  Grinder (D:3)
  A sky beast (D:4)
  An ogre (D:4)
  2 centaurs (D:5)
  2 elf skeletons (D:6)
  A centaur zombie (Ossuary)
  5 hounds
  A giant frog skeleton (D:4)
  A human zombie (D:6)
  4 orc priests
  A centaur skeleton (D:6)
  An orc wizard (D:5)
  3 worker ants
  An iguana (D:5)
  A mummy (Ossuary)
  3 gnolls (D:4)
  9 adders
  11 oozes
  An adder skeleton (D:6)
  An adder zombie (Ossuary)
  2 worms
  16 giant geckos
  8 orcs
  5 bats
  8 hobgoblins
  3 jackals (D:5)
  8 kobolds
  3 quokkas
  10 ball pythons
  18 giant cockroaches
  18 giant newts
  9 goblins
  7 hobgoblin zombies (Ossuary)
  A jackal zombie (Ossuary)
  8 kobold zombies (Ossuary)
  3 orc skeletons (D:6)
  4 orc zombies (Ossuary)
  6 rats
  A rat zombie (Ossuary)
190 creatures vanquished.

Vanquished Creatures (collateral kills)
  An orc (D:4)
  2 hobgoblin zombies (Ossuary)
  An orc zombie (Ossuary)
4 creatures vanquished.

Vanquished Creatures (others)
  A phantom (D:6)
  A giant frog (Sewer)
2 creatures vanquished.

Grand Total: 196 creatures vanquished

Notes
Turn   | Place    | Note
--------------------------------------------------------------
     0 | D:1      | M4edhros the Octopode Artificer began the quest for the Orb.
     0 | D:1      | Reached XP level 1. HP: 13/13 MP: 3/3
    43 | D:1      | Reached XP level 2. HP: 16/18 MP: 4/4
   322 | D:1      | Reached skill level 4 in Evocations
   605 | D:1      | Reached XP level 3. HP: 23/23 MP: 6/6
   929 | D:3      | Found a glowing drain.
  1016 | Sewer    | Entered a sewer
  1029 | Sewer    | Reached skill level 1 in Slings
  1029 | Sewer    | Reached XP level 4. HP: 24/28 MP: 7/7
  1544 | Sewer    | Reached XP level 5. HP: 14/33 MP: 8/8
  1788 | Sewer    | Reached skill level 5 in Evocations
  2159 | Sewer    | Noticed a giant frog
  2171 | Sewer    | a giant frog (ally) was killed
  2186 | Sewer    | Reached XP level 6. HP: 9/38 MP: 10/10
  2501 | D:3      | Noticed Grinder
  3027 | D:5      | Entered Level 5 of the Dungeon
  3050 | D:5      | Reached skill level 5 in Stealth
  3136 | D:5      | Found a staircase to the Ecumenical Temple.
  3141 | Temple   | Entered the Ecumenical Temple
  3238 | Temple   | Became a worshipper of Warmaster Okawaru
  3620 | D:4      | Reached skill level 6 in Evocations
  3620 | D:4      | Reached XP level 7. HP: 9/43 MP: 11/11
  4130 | D:3      | Killed Grinder
  4130 | D:3      | Reached * piety under Okawaru
  4342 | D:2      | Found a sparkling altar of Nemelex Xobeh.
  4351 | D:2      | Found a glowing silver altar of Zin.
  5044 | D:4      | Gained mutation: One of your tentacles bears a spike. [mutagenic meat]
  5045 | D:4      | Gained mutation: You passively map a small area around you. [mutagenic meat]
  5046 | D:4      | Gained mutation: You occasionally shout uncontrollably at your foes. [mutagenic meat]
  5047 | D:4      | Gained mutation: You are dopey. (Int -2) [mutagenic meat]
  5048 | D:4      | Gained mutation: You are agile. (Dex +2) [mutagenic meat]
  5104 | D:4      | Reached skill level 7 in Stealth
  5151 | D:4      | Reached XP level 8. HP: 14/48 MP: 13/13
  5303 | D:4      | Found a snail-covered altar of Cheibriados.
  5827 | D:5      | Found an ancient bone altar of Kikubaaqudgha.
  5925 | D:5      | Reached skill level 5 in Slings
  5958 | D:5      | Found a shattered altar of Ashenzari.
  6143 | D:5      | Reached ** piety under Okawaru
  6143 | D:5      | Reached skill level 8 in Stealth
  6270 | D:5      | Found a shimmering altar of Xom.
  6592 | D:6      | Found Xodghudi's Armour Shoppe.
  6820 | D:6      | Found Plog's Book Emporium.
  6871 | D:6      | Found Eczij's Jewellery Boutique.
  6983 | D:6      | Found a sand-covered staircase.
  6992 | Ossuary  | Entered an ossuary
  7178 | Ossuary  | Noticed M4edhros's ghost (novice OpAr)
  7224 | Ossuary  | Was placed under penance by Okawaru
  7229 | Ossuary  | Killed M4edhros's ghost
  7229 | Ossuary  | Reached skill level 9 in Stealth
  7229 | Ossuary  | Reached XP level 9. HP: 28/53 MP: 13/15
  7290 | Ossuary  | Noticed a merfolk impaler
  7290 | Ossuary  | Noticed a deep elf knight
  7290 | Ossuary  | Noticed a deep elf knight
  7290 | Ossuary  | Noticed a deep elf summoner
  7293 | Ossuary  | Mangled by a merfolk

Action                   |  1- 3 |  4- 6 |  7- 9 || total
-------------------------+-------+-------+-------++-------
Melee: Short sword       |    59 |   122 |    95 ||   276
       Halberd           |       |       |    85 ||    85
       Whip              |       |       |    16 ||    16
 Fire: Hunting sling     |    52 |    70 |       ||   122
       Blowgun           |       |       |     9 ||     9
Evoke: Wand              |       |    11 |    16 ||    27
  Use: Potion            |       |     1 |     8 ||     9
       Scroll            |       |       |     4 ||     4
 Stab: Sleeping          |     6 |    22 |    12 ||    40
       Distracted        |     1 |       |     1 ||     2
       Confused          |       |       |     5 ||     5
       Betrayed ally     |       |       |     1 ||     1
  Eat: Chunk             |       |     8 |     8 ||    16
       Meat ration       |       |       |     1 ||     1
       Bread ration      |       |       |     1 ||     1
